 Dungeon Crawl Stone Soup version 0.32-a0-630-g46d191b0ed (webtiles) character file.

Game seed: 4626056160211919608

527 Dittersdorf the Covered (level 7, -2/44 HPs)
             Began as a Gargoyle Fighter on Mar 6, 2024.
             Slain by a centaur (5 damage)
             ... on level 6 of the Dungeon.
             The game lasted 00:04:45 (3796 turns).

Dittersdorf the Covered (Gargoyle Fighter)          Turns: 3796, Time: 00:04:46

Health: -2/44      AC: 13    Str: 22    XL:     7   Next: 23%
Magic:  7/7        EV: 24    Int:  8    God:
Gold:   100        SH:  4    Dex:  9    Spells: 6/6 levels left

rFire   . . .        a - +1 flail
rCold   + . .        c - +0 buckler
rNeg    + . .        b - +0 scale mail
rPois   ∞            p - +0 helmet
rElec   +            (no cloak)
rCorr   +            (no gloves)
SInv    .            (no boots)
Will    .....        h - amulet of the acrobat Stlth
                     g - ring of protection from cold
HPRegen 0.27/turn    i - ring of resist corrosion
MPRegen 0.10/turn

%: acrobat
@: acrobatic
A: sickness immunity, AC +4, negative energy resistance 1, electricity
resistance, torment resistance 1, petrification resistance
a: no special abilities


You were on level 6 of the Dungeon.
You visited 1 branch of the dungeon, and saw 6 of its levels.

You collected 155 gold pieces.
You spent 55 gold pieces at shops.

Inventory:

Hand Weapons
 a - a +1 flail (weapon)
Missiles
 m - 4 curare-tipped darts (quivered)
Armour
 b - a +0 scale mail (worn)
 c - a +0 buckler (worn)
 p - a +0 helmet (worn)
 x - a +0 plate armour
Jewellery
 g - a ring of protection from cold (left hand)
 h - an amulet of the acrobat (around neck)
 i - a ring of resist corrosion (right hand)
Scrolls
 r - 4 scrolls of teleportation
 u - a scroll of fog
Potions
 d - 2 potions of might
 e - a potion of mutation
 f - 2 potions of enlightenment {unknown}
 j - 3 potions of curing {unknown}
 l - a potion of degeneration {unknown}
 q - a potion of brilliance {unknown}
 s - 2 potions of ambrosia {unknown}
 v - a potion of heal wounds


   Skills:
 + Level 5.1 Fighting
 + Level 4.1 Maces & Flails
 + Level 5.2 Armour
 + Level 5.2 Shields


You had 6 spell levels left.
You didn't know any spells.
Your spell library contained the following spells:

 Spells                   Type           Power      Damage    Failure   Level
 Freeze                   Ice            0%         1d3       78%         1
 Summon Small Mammal      Summ           0%         N/A       78%         1
 Blink                    Tloc           0%         N/A       89%         2
 Lesser Beckoning         Tloc           0%         N/A       89%         2
 Momentum Strike          Conj/Tloc      0%         3d8       89%         2
 Call Canine Familiar     Summ           0%         N/A       98%         3
 Dazzling Flash           Conj/Hex       0%         N/A       98%         3
 Frozen Ramparts          Ice            0%         1d1       98%         3
 Hailstorm                Conj/Ice       0%         3d5       98%         3
 Mephitic Cloud           Conj/Alch/Air  0%         N/A       98%         3
 Summon Blazeheart Golem  Fire/Summ      0%         N/A       100%        4
 Curse of Agony           Necr           0%         N/A       100%        5
 Silence                  Hex/Air        0%         N/A       100%        5


Dungeon Overview and Level Annotations

Branches:
Dungeon (6/15)
 Temple: D:4-7

Altars:
Ashenzari
Cheibriados
Sif Muna

Shops:
D:4 !


Innate Abilities, Weirdness & Mutations

You are immune to sickness and miasma.
Your stone body is resilient. (AC +4)
You are immune to poison.
You resist negative energy. (rN+)
You are resistant to electric shocks. (rElec)
You are resistant to unholy torment.
You are immune to petrification.


Message History

* * * LOW HITPOINT WARNING * * *
You hit the orc but do no damage.
The orc is moderately wounded.
Something hits the orc.
You sock the orc!
You kill the orc!
You hear some strange, mumbled words.
You see here a +0 hand axe.
Something says, "I'm a little confused."
Reactivating autopickup.
An orc wizard appears from thin air!
The orc wizard hits something with a +0 dagger.
Found a stone staircase leading down.
The adder hisses angrily.
Found a club.
The orc wizard casts a spell at you. You block the puff of flame.
The orc wizard casts a spell at you.
You are confused.
Found a dagger.
You're too confused to move!
The adder bites you but does no damage.
The centaur wields a +0 orcbow.
The centaur shoots an arrow.
The arrow misses you. The adder completely misses you.
Found a whip.
The centaur shoots an arrow.
The arrow hits you!
* * * LOW HITPOINT WARNING * * *
The adder attacks as it pursues you! The adder completely misses you.
The centaur shoots an arrow.
The arrow completely misses you.
The arrow misses the adder.
The hound barks!
Things that are here:
a +0 club; a potion of heal wounds You bump into the rock wall.
The adder bites you but does no damage.
The centaur shoots an arrow.
The arrow closely misses you.
The arrow completely misses the adder.
The adder barely misses you.
You feel less confused. The adder closely misses you.
The adder attacks as it pursues you! The adder completely misses you.
The adder completely misses you.
The centaur unwields a +0 orcbow.
The centaur hits you.
You die...

...........###..###..
...............## ###
..............##
........##.##....#
#......##..###.....#
###....## #.##...
#.h..###### ... #.
#S#.)# ...##...>
#@#..##..... ####
#.......c.......###
#.....###......S...
#.......#.......#
#.... #.........#
#.... #..<....# ####
#..).#...# #....# .#
#....#


You could see a centaur, a hound and an adder.

Vanquished Creatures
  A black bear (D:4)
  3 bombardier beetles (D:4)
  2 orc priests
  A jelly (D:2)
  3 iguanas (D:4)
  6 adders
  5 dart slugs
  3 ribbon worms (D:2)
  14 orcs
  8 ball pythons
  8 bats
  An endoplasm (D:1)
  10 giant cockroaches
  4 goblins
  7 hobgoblins
  6 jackals
  4 kobolds
  3 quokkas
  5 frilled lizards
  4 rats
98 creatures vanquished.

Notes
Turn   | Place    | Note
-------+----------+-------------------------------------------
     0 | D:1      | Dittersdorf the Gargoyle Fighter began the quest for the
                  | Orb.
     0 | D:1      | Reached XP level 1. HP: 14/14 MP: 1/1
   188 | D:1      | Reached XP level 2. HP: 19/19 MP: 2/2
   612 | D:1      | Reached XP level 3. HP: 17/23 MP: 3/3
  1113 | D:2      | Reached XP level 4. HP: 18/29 MP: 4/4
  1573 | D:2      | Reached XP level 5. HP: 33/33 MP: 5/5
  2050 | D:3      | Found a faded altar of an unknown god.
  2053 | D:3      | Found a broken altar of Ashenzari.
  2155 | D:3      | Noticed a torpor snail
  2248 | D:3      | Found a snail-covered altar of Cheibriados.
  2249 | D:3      | Noticed a torpor snail
  2250 | D:3      | Noticed a torpor snail
  2368 | D:3      | Found a shimmering blue altar of Sif Muna.
  2605 | D:4      | Noticed a black bear
  2611 | D:4      | Killed a black bear
  2612 | D:4      | Reached XP level 6. HP: 33/39 MP: 6/6
  3005 | D:4      | Found Udwizel's Distillery.
  3013 | D:4      | Bought a potion of heal wounds for 55 gold pieces
  3121 | D:4      | Reached skill level 5 in Armour
  3133 | D:4      | HP: 2/40 [iguana (4)]
  3135 | D:4      | Reached skill level 5 in Shields
  3147 | D:4      | Reached skill level 5 in Fighting
  3147 | D:4      | Reached XP level 7. HP: 5/44 MP: 7/7
  3471 | D:4      | Identified the +3 spear "Elimo" {flame, rN+ Str+2 Dex+4}
  3642 | D:5      | Entered Level 5 of the Dungeon
  3791 | D:6      | HP: 1/44 [centaur/arrow (10)]
  3796 | D:6      | Slain by a centaur

Illustrated notes

Levels and vault maps discovered:
D:1:      dpeg_arrival_castle, layout_basic
D:2:      minmay_roachtagon, layout_loops_cross, hex_tiny
D:3:      layout_loops_corners, cheibriados_altar_2,
          hellmonk_sif_muna_bookshelves, nicolae_overflow_ecumenical_swirl
D:4:      layout_basic, serial_shops, nicolae_shop_window_shopping
D:5:      layout_basic
D:6:      layout_rooms, uniq_blork_the_orc

Skill      XL: |  1  2  3  4  5  6  7 |
---------------+----------------------+-----
Fighting       | 4 5 |  5.1
Armour         | 4 5 |  5.2
Shields        | 4 5 |  5.2
Maces & Flails | 3 4 |  4.1

Action                     |  1- 3 |  4- 6 |  7- 9 || total
---------------------------+-------+-------+-------++-------
  Melee: Flail             |    98 |   200 |    25 ||   323
  Throw: Dart              |       |     1 |     3 ||     4
    Use: Scroll            |       |     1 |     6 ||     7
 Armour: Scale mail        |    85 |   137 |    44 ||   266
  Dodge: Dodged            |    54 |   109 |    28 ||   191
  Block: Buckler           |    21 |    35 |     8 ||    64

Table legend: (Time is in decaauts)
 A = Elapsed time spent in this place.
 B = Non-inter-level travel time spent in this place.
 C = Inter-level travel time spent in this place.
 D = Time resting spent in this place.
 E = Time spent auto-exploring this place.
 F = Levels seen in this place.
 G = Mean time per level.
                   A        B        C        D        E       F      G
               +--------+--------+--------+--------+--------+-----+--------+
         Total |   3886 |   3748 |    138 |    237 |   2640 |   6 |  647.7 |
       Dungeon |   3886 |   3748 |    138 |    237 |   2640 |   6 |  647.7 |
               +--------+--------+--------+--------+--------+-----+--------+

Top non-repeatable levels by time:
     D:4: 1079 daAuts
     D:1: 966 daAuts
     D:3: 854 daAuts
     D:2: 828 daAuts
     D:5: 99 daAuts
     D:6: 58 daAuts
